 Dungeon Crawl Stone Soup version 0.21-a0-538-gd16b88a (webtiles) character file.

6425 KristoblXynda the Covert (level 10, -5/80 HPs)
             Began as a Naga Gladiator on Dec 16, 2017.
             Was a High Priest of Cheibriados.
             Slain by Snorg (14 damage)
             ... on level 10 of the Dungeon.
             The game lasted 00:30:42 (11550 turns).

KristoblXynda the Covert (Naga Gladiator)          Turns: 11550, Time: 00:30:43

Health: -5/80      AC: 10    Str: 40    XL:     10   Next: 98%
Magic:  14/14      EV: 14    Int: 22    God:    Cheibriados [*****.]
Gold:   536        SH:  6    Dex: 25    Spells: 9/9 levels left

rFire    . . .     SeeInvis +   a - +1 trident (freeze)
rCold    + . .     Gourm    .   o - +0 buckler
rNeg     . . .     Faith    .   s - +1 leather armour {rC+}
rPois    +         Spirit   .   c - +0 helmet
rElec    .         Reflect  .   t - +1 cloak
rCorr    .         Harm     .   b - +0 pair of gloves
MR       +....                  (no barding)
Stlth    +++++.....             (no amulet)
HPRegen  0.23/turn              u - +5 ring of strength
MPRegen  0.14/turn              (no ring)

@: very slow
A: large, see invisible, deformed body, poison resistance, slowness 2, slow
metabolism 1, spit poison 1, strong 1, evolution 1, AC +3
a: Spit Poison, Bend Time, Temporal Distortion, Slouch, Step From Time, Renounce
Religion


You were on level 10 of the Dungeon.
You worshipped Cheibriados.
Cheibriados was extremely pleased with you.
You were not hungry.

You visited 2 branches of the dungeon, and saw 11 of its levels.
You also visited: Ossuary.

You collected 536 gold pieces.

Inventory:

Hand Weapons
 a - a +1 trident of freezing (weapon)
 z - a +1 spear of venom
Missiles
 d - 4 throwing nets (quivered)
Armour
 b - a +0 pair of gloves (worn)
 c - a +0 helmet (worn)
 o - a +0 buckler (worn)
 s - a +1 leather armour of cold resistance (worn)
 t - a +1 cloak (worn)
Jewellery
 u - a +5 ring of strength (left hand)
Wands
 h - a wand of disintegration (14)
Scrolls
 e - 4 scrolls of identify
 i - 2 scrolls of amnesia
 l - 4 scrolls of teleportation
 m - 6 scrolls of remove curse
Potions
 k - 2 potions of agility
 n - 3 potions of flight
 p - a potion of resistance
 r - a potion of curing
 v - 3 potions of invisibility
 x - a potion of brilliance
Comestibles
 f - 5 bread rations
 g - 2 meat rations
 A - 9 royal jellies
 B - 3 fruits


   Skills:
 - Level 2.0 Fighting
 + Level 9.3 Polearms
 - Level 1.7 Throwing
 - Level 4.2 Armour
 - Level 5.1 Dodging
 - Level 10.1 Stealth
 + Level 3.4 Shields
 + Level 6.1 Invocations
 + Level 5.6 Evocations


You had 9 spell levels left.
You didn't know any spells.

Dungeon Overview and Level Annotations

Branches:
Dungeon (10/15)            Temple (1/1) D:4
   Lair: D:8-11         Orc: D:9-12

Altars:
Ashenzari
Cheibriados
Dithmenos
Elyvilon
Fedhas
Gozag
Hepliaklqana
Kikubaaqudgha
Makhleb
Nemelex Xobeh
Okawaru
Qazlal
Ru
Sif Muna
Trog
Uskayaw
Vehumet
Wu Jian
Xom
Yredelemnul
Zin
The Shining One

Annotations:
D:3 Regeox's ghost, novice GrFi
D:10 Snorg


Innate Abilities, Weirdness & Mutations

You cannot wear boots.
Your serpentine skin is tough. (AC +3)
You have supernaturally acute eyesight. (SInv)
Armour fits poorly on your strangely shaped body.
Your system is resistant to poisons. (rPois)
You cover ground very slowly.
You have a slow metabolism.
You can spit poison.
Your muscles are strong. (Str +2)
You evolve.


Message History

* * * LOW HITPOINT WARNING * * *
Snorg closely misses you.
Unknown command.
You feel much better. Snorg completely misses you. Snorg claws you.
Snorg claws you!
* * * LOW HITPOINT WARNING * * *
Evoke which item? (* to show all) (? for menu, Esc to quit)
Aiming: Disintegrate
Press: ? - help, Shift-Dir - straight line, f/p - Snorg
Aim: Snorg (severely wounded, chance to defeat MR: 53%) Snorg is blasted.
Snorg goes berserk!
Evoke which item? (* to show all) (? for menu, Esc to quit)
Aiming: Disintegrate
Press: ? - help, Shift-Dir - straight line, f/p - Snorg
Aim: Snorg (almost dead, berserk, fast, unusually strong, chance to defeat MR: 53%) Snorg resists with significant effort.
Snorg bites you but does no damage. You block Snorg's attack. Snorg claws you.
* * * LOW HITPOINT WARNING * * *
Snorg misses you. Snorg claws you!
You die...

... #..###
#....
#...#
#...#
.Y..# ##
##...#
#)%[#<§..#
#)§§§§@..#
#))§#.§T%#
#§†)##.#%#
#)) ....#
#.) ..###
## #..#
..># .#.#


You could see Snorg (berserk) and an ice beast.

Vanquished Creatures
  Joseph (D:8)
  Psyche (D:8)
  The ghost of Salmacis the Cudgeler, an amateur CeFi (D:5)
  2 hornets (D:9)
  3 hippogriffs
  Sigmund (D:6)
  A soldier ant (D:9)
  2 ice beasts
  8 orc warriors
  A sky beast (D:7)
  2 ogres
  2 centaurs
  A big kobold (D:7)
  2 bullfrogs
  5 elf zombies (Ossuary)
  4 scorpions
  7 wights
  A howler monkey (D:6)
  2 centaur zombies (Ossuary)
  3 crimson imps
  5 human zombies (Ossuary)
  6 hounds
  A jelly (D:7)
  12 orc wizards
  7 orc priests
  A bullfrog skeleton (D:9)
  3 iguanas (D:4)
  10 worker ants
  A centaur simulacrum (D:10)
  A hound zombie (D:5)
  2 hound skeletons
  3 mummies (Ossuary)
  10 gnolls
  18 adders
  A shadow imp (D:5)
  An ooze (D:2)
  5 adder skeletons
  2 adder zombies
  A worm (D:2)
  A dart slug (D:4)
  7 leopard geckos
  49 orcs
  7 bats
  9 giant cockroaches
  14 goblins
  8 hobgoblins
  7 jackals
  29 kobolds
  2 quokkas
  5 frilled lizards
  A goblin zombie (D:5)
  A jackal skeleton (D:6)
  3 rats
  A rat zombie (D:5)
284 creatures vanquished.

Vanquished Creatures (others)
  A plant (D:7)
1 creature vanquished.

Grand Total: 285 creatures vanquished

Notes
Turn   | Place    | Note
-------+----------+-------------------------------------------
     0 | D:1      | KristoblXynda the Naga Gladiator began the quest for the Orb.
     0 | D:1      | Reached XP level 1. HP: 19/19 MP: 1/1
   161 | D:1      | Reached skill level 1 in Stealth
   473 | D:1      | Reached XP level 2. HP: 26/26 MP: 2/2
   861 | D:1      | Reached skill level 2 in Stealth
  1073 | D:1      | Reached XP level 3. HP: 24/32 MP: 3/3
  1767 | D:2      | Found a sacrificial altar of Ru.
  1780 | D:2      | Reached skill level 3 in Stealth
  1780 | D:2      | Reached XP level 4. HP: 21/39 MP: 4/4
  2322 | D:3      | Noticed Regeox's ghost (novice GrFi)
  2577 | D:3      | Reached XP level 5. HP: 37/45 MP: 5/5
  2582 | D:3      | Reached skill level 4 in Stealth
  2818 | D:3      | HP: 2/45 [adder (3)]
  3284 | D:4      | Noticed an ogre
  3446 | D:4      | Killed an ogre
  3446 | D:4      | Reached skill level 5 in Stealth
  3446 | D:4      | Reached XP level 6. HP: 52/52 MP: 6/6
  3936 | D:4      | Reached skill level 6 in Stealth
  3970 | D:4      | Reached skill level 5 in Polearms
  3970 | D:4      | Reached XP level 7. HP: 16/60 MP: 7/7
  4243 | D:4      | Found a sparkling altar of Nemelex Xobeh.
  4243 | D:4      | Found an ornate altar of the Wu Jian Council.
  4284 | D:4      | Reached skill level 1 in Armour
  4929 | D:4      | Found a staircase to the Ecumenical Temple.
  4937 | Temple   | Entered the Ecumenical Temple
  5064 | Temple   | Became a worshipper of Cheibriados the Contemplative
  5292 | D:5      | Entered Level 5 of the Dungeon
  5340 | D:5      | Reached skill level 7 in Stealth
  5389 | D:5      | Found a sand-covered staircase.
  5397 | Ossuary  | Entered an ossuary
  5507 | Ossuary  | Reached XP level 8. HP: 55/67 MP: 8/8
  5533 | Ossuary  | Reached skill level 8 in Stealth
  6201 | Ossuary  | Reached * piety under Cheibriados
  6261 | Ossuary  | Reached skill level 9 in Stealth
  6565 | D:5      | Noticed Salmacis's ghost (amateur CeFi)
  6876 | D:5      | Killed Salmacis's ghost
  6876 | D:5      | Reached skill level 10 in Stealth
  6876 | D:5      | Reached XP level 9. HP: 73/73 MP: 9/9
  7201 | D:6      | Reached ** piety under Cheibriados
  7528 | D:6      | Reached skill level 1 in Invocations
  7528 | D:6      | Reached skill level 1 in Evocations
  7564 | D:6      | Noticed Sigmund
  7574 | D:6      | Killed Sigmund
  7574 | D:6      | Reached skill level 1 in Shields
  7933 | D:6      | Reached *** piety under Cheibriados
  8276 | D:6      | Got a pitted mace
  8277 | D:6      | Identified the +7 mace of Eternal Harmony {flame, MR++ Str+4} (You found it on level 6 of the Dungeon)
  8544 | D:7      | Reached **** piety under Cheibriados
  8731 | D:7      | Gained mutation: You are frail. (-10% HP) [mutagenic meat]
  8733 | D:7      | Gained mutation: You evolve. [mutagenic meat]
  8747 | D:7      | Reached XP level 10. HP: 72/72 MP: 12/12
  8767 | D:7      | Lost mutation: You are frail. (-10% HP) [evolution]
  8832 | D:7      | Reached skill level 5 in Dodging
  9427 | D:8      | Noticed Psyche
  9432 | D:8      | Killed Psyche
  9721 | D:8      | Got a twisted rapier
  9722 | D:8      | Identified the +10 rapier "Sakhlok" {drain, Int+2} (You found it on level 8 of the Dungeon)
  9793 | D:8      | Noticed Joseph
  9961 | D:8      | Killed Joseph
  9967 | D:8      | Reached skill level 5 in Invocations
 10080 | D:8      | Gained mutation: Your muscles are strong. (Str +2) [evolution]
 10162 | D:8      | Reached ***** piety under Cheibriados
 10819 | D:9      | Reached skill level 5 in Evocations
 10946 | D:9      | Found a blossoming altar of Fedhas.
 10948 | D:9      | Found a shimmering altar of Xom.
 10948 | D:9      | Found a burning altar of Makhleb.
 10950 | D:9      | Found a hazy altar of Hepliaklqana.
 10950 | D:9      | Found a hide-covered altar of Uskayaw.
 10950 | D:9      | Found a glowing golden altar of the Shining One.
 11530 | D:10     | Entered Level 10 of the Dungeon
 11540 | D:10     | Noticed Snorg
 11550 | D:10     | Slain by Snorg

Vault maps used:
D:1:      dpeg_arrival_castle, minmay_tetromino_o4
D:2:      nicolae_ru_great_annihilating_truth
D:3:      hangedman_decor_growths, minmay_door_square
D:4:      kennysheep_the_goblin_king,
          chequers_temple_overflow_statue_of_worship, minmay_temple_entry_mist,
          first_bread
D:5:      enter_ossuary_4
D:6:      uniq_sigmund
D:7:      kennysheep_kobold_camp
D:8:      cheibrodos_iron_armory, serial_corexii_hall,
          corexii_hall_statues_deadend, corexii_hall_statues_i,
          corexii_hall_statues_deadend, corexii_hall_statues_i, uniq_psyche,
          uniq_joseph
D:9:      hangedman_pestilent_swarm, doesnt_xom_only_xom
D:10:     special_room, serial_ice, serial_ice_h, serial_ice_o, serial_ice_a,
          serial_ice_j, serial_ice_b, serial_ice_m, serial_shops,
          nicolae_shop_window_shopping, uniq_snorg
Temple:   regret_index_temple_chain_breaker
Ossuary:  ossuary_minmay_four_chambers

Skill      XL: |  1  2  3  4  5  6  7  8  9 10 |
---------------+-------------------------------+-----
Stealth        | 1 2 3 5 6 7 10 | 10.1
Dodging        | 3 4 5 |  5.1
Polearms       | 4 5 7 8 9 |  9.3
Armour         | 2 4 |  4.2
Invocations    | 3 6 |  6.1
Evocations     | 3 5 |  5.6
Shields        | 1 3 |  3.4
Fighting       | |  2.0
Throwing       | |  1.7

Action                   |  1- 3 |  4- 6 |  7- 9 | 10-12 || total
-------------------------+-------+-------+-------+-------++-------
Melee: Trident           |    97 |   198 |   554 |   165 ||  1014
       Scythe            |       |       |   134 |       ||   134
       Spear             |       |       |    10 |       ||    10
 Abil: Spit Poison       |     4 |    18 |    14 |     6 ||    42
Evoke: Wand              |       |       |     1 |    16 ||    17
  Use: Scroll            |       |     6 |    15 |     3 ||    24
       Potion            |       |     4 |     3 |     1 ||     8
 Stab: Paralysed         |       |     1 |       |       ||     1
       Sleeping          |       |     2 |    16 |     3 ||    21
       Distracted        |       |       |     1 |     1 ||     2
  Eat: Chunk             |     2 |     1 |     5 |     2 ||    10
       Royal jelly       |       |     1 |       |       ||     1
       Bread ration      |       |     1 |     1 |       ||     2
       Meat ration       |       |       |     1 |     1 ||     2
Armor: Leather armour    |    40 |    93 |   304 |    46 ||   483
       Skin              |       |       |    17 |       ||    17
Dodge: Dodged            |    78 |   167 |   508 |    93 ||   846
Block: Buckler           |       |       |       |    48 ||    48

Table legend:
 A = Spawn XP
 B = Non-spawn XP
 C = Spawn XP percentage of total XP
 D = Spawn monster count
 E = Non-spawn monster count
 F = Spawn count percentage of total count
 G = Total turns spent on level
                    A         B        C        D         E        F      G
               +---------+---------+-------+---------+---------+-------+---------
         Total |       0 |    9179 |   0.0 |       0 |     284 |   0.0 | 11550
               +---------+---------+-------+---------+---------+-------+---------
           D:1 |       0 |      34 |   0.0 |       0 |      20 |   0.0 |  1213
           D:2 |       0 |     116 |   0.0 |       0 |      19 |   0.0 |  1089
           D:3 |       0 |      83 |   0.0 |       0 |      24 |   0.0 |  1230
           D:4 |       0 |     692 |   0.0 |       0 |      38 |   0.0 |  1617
           D:5 |       0 |     832 |   0.0 |       0 |      22 |   0.0 |   809
           D:6 |       0 |     802 |   0.0 |       0 |      34 |   0.0 |  1136
           D:7 |       0 |    1779 |   0.0 |       0 |      51 |   0.0 |  1141
           D:8 |       0 |    1586 |   0.0 |       0 |      14 |   0.0 |   922
           D:9 |       0 |    1644 |   0.0 |       0 |      28 |   0.0 |  1181
          D:10 |       0 |     781 |   0.0 |       0 |      19 |   0.0 |    20
       Ossuary |       0 |     830 |   0.0 |       0 |      15 |   0.0 |  1049
               +---------+---------+-------+---------+---------+-------+---------
